 Dungeon Sprint DCSS version 0.29.1-14-g9c671dbff4 (webtiles) character file.

Game seed: 9949339046059215682

12196 Groucho the Timeless (level 11, -1/89 HPs)
             Began as a Demonspawn Transmuter on Feb 18, 2023.
             Was a High Priest of Cheibriados.
             Succumbed to an ushabti's dark miasma
             ... in the Dungeon (Sprint V: "Ziggurat Sprint").
             The game lasted 00:07:20 (1891 turns).

Groucho the Timeless (Demonspawn Transmuter)        Turns: 1891, Time: 00:07:20

Health: -1/89      AC: 28    Str: 36    XL:     11   Next: 59%
Magic:  3/23       EV:  9    Int: 37    God:    Cheibriados [*****.]
Gold:   0          SH: 35    Dex: 26    Spells: 8/27 levels left

rFire   . . .      SeeInvis .   E - +6 shillelagh "Devastator" {shatter}
rCold   . . .      Faith    .   D - +18 shield of the Gong {rElec rN+ Will+ EV-5}
rNeg    + . .      Spirit   +   C - +15 Maxwell's patent armour {-Cast -Tele rElec Will+ rCorr}
rPois   .          Reflect  .   (no helmet)
rElec   +          Harm     .   (no cloak)
rCorr   +          Rampage  .   (no gloves)
Will    ++...      Clarity  +   N - +0 pair of boots {Fly}
Stlth   .......... NoTele   +   G - amulet of magic regeneration
HPRegen 0.24/turn  NoCast   +   y - +6 ring of strength
MPRegen 0.76/turn               z - +6 ring of strength

@: lethally poisoned (-1 -> -24), flying, slowed, very slow
A: magic shield, magic regeneration, magic link, sharp scales 2, condensation
shield, weakness stinger 1, clarity, clever 1, deformed body, deterioration 1
a: Renounce Religion, Bend Time, Temporal Distortion, Slouch, Step From Time


You were in the Dungeon.
You worshipped Cheibriados.
Cheibriados was extremely pleased with you.
You visited 1 branch

Inventory:

Hand Weapons
 B - the +14 obsidian axe {vorpal, Mesm Drain Fly SInv}
   (You found it in the Dungeon)

   It inflicts extra damage upon your enemies.
   It occasionally summons demons to assist the wielder when it strikes in
   combat.
   Its wielder is mesmerised by any visible foes.
   It cannot be unequipped while any foes are visible.
   SInv:      It lets you see invisible.
   Fly:       It grants you flight.
   Drain:     It drains your maximum health when unequipped.
 E - the +6 shillelagh "Devastator" (weapon) {shatter}
   (You found it in the Dungeon)

   It releases a powerful concussive burst when it strikes, dealing extra damage
   to the target and all other foes adjacent to them.
Armour
 a - a +0 robe
 A - +5 gold dragon scales
 C - the +15 Maxwell's patent armour (worn) {-Cast -Tele rElec Will+ rCorr}
   (You found it in the Dungeon)

   rElec:     It insulates you from electricity.
   -Cast:     It prevents spellcasting.
   -Tele:     It prevents most forms of teleportation.
   rCorr:     It protects you from acid and corrosion.
   Will:      It increases your willpower.
 D - the +18 shield of the Gong (worn) {rElec rN+ Will+ EV-5}
   (You found it in the Dungeon)

   It is deafeningly noisy when blocking attacks.
   EV:        It affects your evasion (-5).
   rElec:     It insulates you from electricity.
   rN:        It protects you from negative energy.
   Will:      It increases your willpower.
 N - a +0 pair of boots of flying (worn)
Magical Staves
 T - a staff of fire
 U - a staff of death
Jewellery
 t - a ring of flight
 u - a +6 ring of dexterity
 v - a +6 ring of dexterity
 w - a +6 ring of intelligence
 x - a +6 ring of intelligence
 y - a +6 ring of strength (left hand)
 z - a +6 ring of strength (right hand)
 F - the ring of Division {*Slow rPois rF+ Int+4}
   (You found it in the Dungeon)

   [ring of protection from fire]

   Int:       It affects your intelligence (+4).
   rF:        It protects you from fire.
   rPois:     It protects you from poison.
   *Slow:     It may slow you when you take damage.
 G - an amulet of magic regeneration (around neck)
 K - a ring of see invisible
 M - a ring of protection from fire
 O - the ring "Uckeciex" {Wiz Slay+2}
   (You found it in the Dungeon)

   [ring of wizardry]

   It improves your spell success rate.
   Slay:      It affects your accuracy & damage with ranged weapons and melee
   (+2).
 P - a ring of fire
 Q - a +4 ring of evasion
 R - the ring "Zuxistif" {rC+ Int+6 Slay-2 SInv Stlth+}
   (You found it in the Dungeon)

   [ring of intelligence]

   Int:       It affects your intelligence (+6).
   Slay:      It affects your accuracy & damage with ranged weapons and melee
   (-2).
   rC:        It protects you from cold.
   SInv:      It lets you see invisible.
   Stlth:     It makes you more stealthy.
 S - the ring "Qidurora" {rN++ Str-3 Dex+6}
   (You found it in the Dungeon)

   [ring of dexterity]

   Str:       It affects your strength (-3).
   Dex:       It affects your dexterity (+6).
   rN:        It greatly protects you from negative energy.
 V - a +4 ring of protection
Wands
 r - a wand of mindburst (7)
 s - a wand of quicksilver (7)
Scrolls
 h - 4 scrolls of blinking
 n - 4 scrolls of amnesia
 o - 7 scrolls of butterflies
 p - 5 scrolls of identify
 q - 2 scrolls of fear
 I - a scroll of brand weapon
 J - 4 scrolls of enchant armour
Potions
 b - a potion of lignification
 c - 9 potions of curing
 d - 11 potions of heal wounds
 e - 10 potions of haste
 f - 6 potions of magic
 g - 3 potions of berserk rage
 i - 2 potions of brilliance
 j - 2 potions of invisibility
 k - 4 potions of resistance
 l - a potion of experience
 m - 5 potions of might
Miscellaneous
 H - a piece from Xom's chessboard (15/15)
 L - a piece from Xom's chessboard (15/15)


   Skills:
 + Level 9.2 Fighting
 * Level 11.7 Armour
 + Level 8.6 Dodging
 + Level 8.4 Shields
 + Level 8.8 Unarmed Combat
 + Level 8.7 Spellcasting
 * Level 8.5 Summonings
 * Level 10.2 Transmutations
 + Level 14.5 Invocations


You had 8 spell levels left.
You knew the following spells:

 Your Spells              Type           Power      Damage    Failure   Level
a - Beastly Appendage     Tmut           100%       N/A       1%          1
b - Wereblood             Tmut           75%        N/A       1%          2
c - Dragon's Call         Summ           34%        N/A       100%        9
d - Dragon Form           Tmut           37%        N/A       98%         7

Your spell library contained the following spells:

 Spells                   Type           Power      Damage    Failure   Level
 Call Imp                 Summ           68%        N/A       1%          2
 Spider Form              Tmut/Pois      52%        N/A       11%         3
 Blade Hands              Tmut           37%        N/A       12%         5
 Magic Dart               Conj           64%        1d6       28%         1
 Slow                     Hex            64%        N/A       28%         1
 Ice Form                 Ice/Tmut       52%        N/A       34%         4
 Confusing Touch          Hex            16%        N/A       65%         3
 Mephitic Cloud           Conj/Pois/Air  16%        N/A       65%         3
 Vampiric Draining        Necr           16%        2d7       65%         3
 Irradiate                Conj/Tmut      26%        3d20      69%         5
 Animate Dead             Necr           16%        N/A       96%         4
 Cause Fear               Hex            8%         N/A       96%         4
 Haunt                    Necr/Summ      23%        N/A       100%        7
 Infestation              Necr           8%         N/A       100%        8


Dungeon Overview and Level Annotations

Branches:
Dungeon (1/1)

Altars:
Ashenzari
Cheibriados
Dithmenos
Fedhas
Gozag
Hepliaklqana
Kikubaaqudgha
Makhleb
Nemelex Xobeh
Okawaru
Qazlal
Ru
Sif Muna
Trog
Uskayaw
Vehumet
Wu Jian
Xom
Yredelemnul
Jiyva
Lugonu


Innate Abilities, Weirdness & Mutations

When hurt, damage is shared between your health and your magic reserves.
You regenerate magic rapidly.
When low on magic, you restore magic in place of health.
You are mostly covered in razor-sharp scales. (AC +2, Slay +2)
A meltable shield of frost defends you. (SH +4)
You have a small tail.
You possess an exceptional clarity of mind.
Your mind is acute. (Int +4, Str/Dex -1)
Armour fits poorly on your strangely shaped body.
Your body sometimes deteriorates upon taking damage.


Message History

The emperor scorpion convulses!
Your body is wracked with pain!
* * * LOW HITPOINT WARNING * * *
You block the guardian mummy's attack.
PANG!
Unknown command.
Unknown command.
You feel much better.
You are engulfed in dark miasma.
You are more poisoned.
* * * LOW HITPOINT WARNING * * *
You feel extremely sick.
You block the emperor scorpion's attack.
GONNNNG!
You block the emperor scorpion's attack.
GONNNNG!
You block the emperor scorpion's attack.
BONNNG!
The royal mummy mumbles some strange words.
You block the emperor scorpion's attack.
SHROANNG!
The emperor scorpion claws you but does no damage.
The emperor scorpion closely misses you.
You block the jiangshi's attack.
BOUMMMMG!
The jiangshi claws you!
* * * LOW HITPOINT WARNING * * *
The jiangshi draws strength from your injuries!
The ushabti shakes and rattles.
The vile air hits you but does no damage.
The vile air hits the jiangshi but does no damage.
The royal mummy points at you and mumbles some strange words.
Something smites you!
* * * LOW HITPOINT WARNING * * *
The royal mummy calls on the powers of darkness!
The emperor scorpion convulses!
You feel a surge of unholy energy.
The royal mummy calls on the powers of darkness!
The emperor scorpion convulses!
You feel a surge of unholy energy.
You feel better.
You are engulfed in dark miasma.
You are lethally poisoned!
* * * LOW HITPOINT WARNING * * *
You die...

▓...8©8...▓.
▓..[=|.)).▓..)))|)..▓.
▓..)?}):..▓..))).[..▓.
▓.........▓.........▓.
▓...BM..B.▓.........▓.
▓....MZM..▓.........▓.
▓...MMMW..▓.........▓.
▓..§9.sMM.▓.........▓.
▓...M@B...▓.▓.....▓.▓.
▓....©V...▓....©....▓▓
▓▓▓▓▓▓▓▓▓▓▓▓▓▓▓▓▓▓▓▓▓


You could see 3 royal mummies, an emperor scorpion (summoned), 2 mummy priests,
a jiangshi (summoned), a guardian mummy, an ushabti, a freezing wraith
(summoned), 3 death scarabs, 3 mummies and an adder simulacrum (summoned).

Vanquished Creatures
  An acid blob (D)
  An azure jelly (D)
  An ironbound preserver (D)
  A yaktaur captain (D)
  A great orb of eyes (D)
  4 vault guards (D)
  2 two-headed ogres (D)
  A death scarab (D)
  A shining eye (D)
  A cyclops (D)
  A yaktaur (D)
  A troll (D)
  A hellwing (D)
  5 slime creatures (D)
  A neqoxec (D)
  A hell hound (D)
  3 black bears (D)
  2 ogres (D)
  5 wolves (D)
  A bullfrog (D)
  3 scorpions (D)
  2 crimson imps (D)
  2 quasits (D)
  An iguana (D)
  6 adders (D)
  A river rat (D)
  2 shadow imps (D)
  A white imp (D)
  An ufetubus (D)
  An adder skeleton (D)
  A bat skeleton (D)
  An endoplasm (D)
  A jackal (D)
  3 ball pythons (D)
  A ball python zombie (D)
  A jackal skeleton (D)
  A quokka skeleton (D)
64 creatures vanquished.

Vanquished Creatures (others)
  An ufetubus (D)
1 creature vanquished.

Grand Total: 65 creatures vanquished

Notes
Turn   | Place    | Note
-------+----------+-------------------------------------------
     0 | D        | Groucho the Demonspawn Transmuter began the quest for the
                  | Orb.
     0 | D        | Reached XP level 1. HP: 15/15 MP: 3/3
     0 | D        | Found a shimmering blue altar of Sif Muna.
     0 | D        | Found a bloodstained altar of Trog.
     0 | D        | Found a sacrificial altar of Ru.
     0 | D        | Found a stormy altar of Qazlal.
     0 | D        | Found an iron altar of Okawaru.
     1 | D        | Found a sparkling altar of Nemelex Xobeh.
     1 | D        | Found a blossoming altar of Fedhas.
     1 | D        | Found the +6 Majin-Bo {vamp, MP+6 Int+6}
     1 | D        | Found the +9 heavy crossbow "Sniper" {vorpal, Acc+∞ SInv}
     1 | D        | Found the +10 dark maul {vorpal}
     1 | D        | Found the +15 Maxwell's patent armour {-Cast -Tele rElec
                  | Will+ rCorr}
     1 | D        | Found the +18 shield of the Gong {rElec rN+ Will+ EV-5}
     1 | D        | Found the +14 obsidian axe {vorpal, Mesm Drain Fly SInv}
     1 | D        | Found the +7 great mace "Firestarter" {inner flame, rF++}
     1 | D        | Found the +6 shillelagh "Devastator" {shatter}
     1 | D        | Found the +11 plutonium sword {Contam Stlth-}
     1 | D        | Found the +8 lance "Wyrmbane" {slay drac, rPois rF+ rC+
                  | AC+3}
     1 | D        | Found the +9 sword of Zonguldrok {reap}
     1 | D        | Found the +13 scythe of Curses {drain, Drain}
     1 | D        | Found the +5 sword of Power {vorpal}
     1 | D        | Found the +7 mace of Variability {chain chaos}
     1 | D        | Found the +7 Singing Sword {vorpal, sonic wave}
     1 | D        | Found the +8 storm bow {elec, penet}
     3 | D        | Found a transporter.
     3 | D        | Found an ancient bone altar of Kikubaaqudgha.
     3 | D        | Found a viscous altar of Jiyva.
     3 | D        | Found a corrupted altar of Lugonu.
     3 | D        | Found a hazy altar of Hepliaklqana.
     3 | D        | Found a burning altar of Makhleb.
     3 | D        | Found an opulent altar of Gozag.
    63 | D        | Became a worshipper of Cheibriados the Contemplative
    96 | D        | Entered arena 2.
    96 | D        | Found a transporter.
    99 | D        | Reached * piety under Cheibriados
   100 | D        | Reached skill level 1 in Armour
   100 | D        | Reached skill level 1 in Invocations
   107 | D        | Got the ring of Division {*Slow rPois rF+ Int+4}
   113 | D        | Entered arena 3.
   113 | D        | Noticed a scorpion
   113 | D        | Noticed a scorpion
   113 | D        | Noticed a scorpion
   113 | D        | Found a transporter.
   118 | D        | Killed a scorpion
   119 | D        | Reached skill level 1 in Shields
   119 | D        | Reached skill level 4 in Invocations
   119 | D        | Gained mutation: A meltable shield of frost defends you.
                  | (SH +4) [demonic ancestry]
   119 | D        | Reached XP level 2. HP: 23/23 MP: 3/5
   119 | D        | Reached XP level 3. HP: 28/28 MP: 4/7
   123 | D        | Killed a scorpion
   123 | D        | Reached ** piety under Cheibriados
   123 | D        | Killed a scorpion
   124 | D        | Reached skill level 6 in Invocations
   124 | D        | Reached XP level 4. HP: 20/35 MP: 4/9
   124 | D        | Gained mutation: You regenerate magic rapidly. [demonic
                  | ancestry]
   124 | D        | Reached XP level 5. HP: 23/41 MP: 4/10
   642 | D        | Entered arena 4.
   642 | D        | Found a transporter.
   645 | D        | Reached *** piety under Cheibriados
   648 | D        | Reached skill level 5 in Armour
   648 | D        | Reached skill level 7 in Invocations
   648 | D        | Gained mutation: You are partially covered in razor-sharp
                  | scales. (AC +1, Slay +1) [demonic ancestry]
   648 | D        | Reached XP level 6. HP: 44/48 MP: 10/12
   767 | D        | Entered arena 5.
   767 | D        | Found the +6 arbalest "Damnation" {damnation}
   767 | D        | Found a transporter.
   771 | D        | Reached **** piety under Cheibriados
   771 | D        | Reached ***** piety under Cheibriados
   783 | D        | Entered arena 6.
   783 | D        | Found a transporter.
   802 | D        | Entered arena 7.
   802 | D        | Noticed a hell hound
   804 | D        | Reached ****** piety under Cheibriados
   805 | D        | Found a transporter.
   808 | D        | Killed a hell hound
   809 | D        | Reached skill level 5 in Unarmed Combat
   809 | D        | Reached skill level 8 in Invocations
   823 | D        | Entered arena 8.
   823 | D        | Noticed a two-headed ogre
   823 | D        | Noticed a two-headed ogre
   823 | D        | Noticed a troll
   823 | D        | Noticed a cyclops
   825 | D        | Found a transporter.
   826 | D        | Killed a troll
   827 | D        | Reached skill level 5 in Fighting
   827 | D        | Reached skill level 5 in Dodging
   827 | D        | Reached skill level 5 in Spellcasting
   827 | D        | Reached skill level 5 in Transmutations
   827 | D        | Reached skill level 9 in Invocations
   827 | D        | Reached XP level 7. HP: 56/56 MP: 12/14
   828 | D        | Killed a two-headed ogre
   829 | D        | Reached skill level 5 in Shields
   829 | D        | Reached skill level 11 in Invocations
   829 | D        | Gained mutation: You have a small tail. [demonic ancestry]
   829 | D        | Reached XP level 8. HP: 64/64 MP: 14/16
   831 | D        | Killed a cyclops
   832 | D        | Killed a two-headed ogre
   833 | D        | Reached skill level 12 in Invocations
   833 | D        | Gained mutation: When hurt, damage is shared between your
                  | health and your magic reserves. [demonic ancestry]
   833 | D        | Reached XP level 9. HP: 67/71 MP: 18/18
   855 | D        | Learned a level 2 spell: Wereblood
   867 | D        | Learned a level 9 spell: Dragon's Call
   875 | D        | Learned a level 7 spell: Dragon Form
   982 | D        | Entered arena 9.
   982 | D        | Noticed a vault guard
   982 | D        | Noticed a vault guard
   982 | D        | Noticed a vault guard
   982 | D        | Noticed a yaktaur captain
   982 | D        | Noticed an ironbound preserver
   982 | D        | Noticed a vault guard
   982 | D        | Noticed a yaktaur
   985 | D        | Killed a yaktaur
   986 | D        | Reached skill level 1 in Summonings
   986 | D        | Killed a vault guard
   986 | D        | Killed a vault guard
   986 | D        | Killed a vault guard
   986 | D        | Killed a vault guard
   987 | D        | Reached skill level 10 in Armour
   987 | D        | Reached skill level 5 in Summonings
   987 | D        | Reached skill level 13 in Invocations
   987 | D        | Gained mutation: When low on magic, you restore magic in
                  | place of health. [demonic ancestry]
   987 | D        | Reached XP level 10. HP: 80/80 MP: 1/21
   987 | D        | Killed an ironbound preserver
   988 | D        | Found a transporter.
   991 | D        | Killed a yaktaur captain
  1161 | D        | Entered arena 10.
  1164 | D        | Found a transporter.
  1180 | D        | Got the ring "Uckeciex" {Wiz Slay+2}
  1365 | D        | Entered arena 11.
  1368 | D        | Gained mutation: Armour fits poorly on your strangely
                  | shaped body. [a neqoxec]
  1374 | D        | Gained mutation: Your mind is acute. (Int +4, Str/Dex -1)
                  | [a neqoxec]
  1380 | D        | Gained mutation: You possess an exceptional clarity of
                  | mind. [a neqoxec]
  1388 | D        | Found a transporter.
  1398 | D        | Got the ring "Zuxistif" {rC+ Int+6 Slay-2 SInv Stlth+}
  1407 | D        | Got the ring "Qidurora" {rN++ Str-3 Dex+6}
  1602 | D        | Entered arena 12.
  1602 | D        | Found the +7 great mace "Undeadhunter" {disrupt, rN+}
  1602 | D        | Noticed an azure jelly
  1602 | D        | Noticed a great orb of eyes
  1603 | D        | Noticed an acid blob
  1603 | D        | Noticed a shining eye
  1606 | D        | Killed an azure jelly
  1606 | D        | Killed a great orb of eyes
  1607 | D        | Reached skill level 14 in Invocations
  1607 | D        | Gained mutation: You are mostly covered in razor-sharp
                  | scales. (AC +2, Slay +2) [demonic ancestry]
  1607 | D        | Reached XP level 11. HP: 87/87 MP: 9/23
  1607 | D        | Killed an acid blob
  1608 | D        | Reached skill level 10 in Transmutations
  1608 | D        | Gained mutation: Your body sometimes deteriorates upon
                  | taking damage. [a shining eye]
  1609 | D        | Found a transporter.
  1611 | D        | Killed a shining eye
  1882 | D        | Entered arena 13.
  1882 | D        | Found the +7 lajatang of Order {silver, rMut}
  1882 | D        | Noticed a death scarab
  1882 | D        | Noticed a royal mummy
  1882 | D        | Noticed a mummy priest
  1882 | D        | Noticed a royal mummy
  1883 | D        | Noticed an emperor scorpion
  1883 | D        | Noticed an emperor scorpion
  1883 | D        | Noticed an emperor scorpion
  1883 | D        | Noticed a royal mummy
  1883 | D        | Noticed a mummy priest
  1884 | D        | Noticed a death scarab
  1884 | D        | Noticed a death scarab
  1884 | D        | Noticed a death scarab
  1884 | D        | Killed a death scarab
  1885 | D        | Noticed a death scarab
  1886 | D        | Noticed an emperor scorpion
  1886 | D        | Noticed a jiangshi
  1887 | D        | Noticed a death scarab
  1887 | D        | Noticed a death scarab
  1887 | D        | Noticed a death scarab
  1888 | D        | Noticed a death scarab
  1888 | D        | Noticed a death scarab
  1888 | D        | Noticed a death scarab
  1890 | D        | HP: 3/89 [royal mummy/divine providence (10)]
  1891 | D        | Noticed a death scarab
  1891 | D        | Noticed a death scarab
  1891 | D        | Noticed a death scarab
  1891 | D        | Succumbed to an ushabti's dark miasma

Illustrated notes

Levels and vault maps discovered:
D:        sprint_v [room_start, room_1, room_2, room_3, room_4, room_5, room_6,
          room_7, room_8, room_9, room_10, room_11, room_12, room_13, room_14,
          room_15, room_16, room_17, room_18, room_19, room_20, room_21,
          room_22, room_23, room_24, room_25, room_26, room_27]

Skill      XL: |  1  2  3  4  5  6  7  8  9 10 11 |
---------------+----------------------------------+-----
Armour         | 2 4 5 6 7 8 10 11 | 11.7
Dodging        | 2 3 4 5 6 7 8 |  8.6
Transmutations | 2 3 4 5 6 8 9 10 | 10.2
Invocations    | 4 6 7 9 11 12 13 14 | 14.5
Fighting       | 2 3 5 6 7 8 9 |  9.2
Shields        | 1 2 3 4 5 6 7 8 |  8.4
Unarmed Combat | 3 4 5 6 7 8 |  8.8
Spellcasting   | 3 4 5 6 7 8 |  8.7
Summonings     | 5 7 8 |  8.5

Action                   |  1- 3 |  4- 6 |  7- 9 | 10-12 || total
-------------------------+-------+-------+-------+-------++-------
Melee: Shillelagh        |     9 |    12 |     5 |    26 ||    52
       Tailslap          |       |       |       |     7 ||     7
Invok: Slouch            |       |       |     4 |    10 ||    14
  Use: Potion            |       |       |       |     5 ||     5
Armor: Plate armour      |     8 |    14 |       |    31 ||    53
Dodge: Dodged            |       |     6 |     3 |    29 ||    38
Block: Kite shield       |    17 |    23 |    13 |    79 ||   132
